 Dungeon Crawl Stone Soup version 0.27.0-1-g7a089689b8 (webtiles) character file.

Game seed: 10290135546088598108

200 SnakkuSnakku7 the Skirmisher (level 5, -2/46 HPs)
             Began as a Merfolk Necromancer on Aug 7, 2021.
             Succumbed to a scorpion's poison
             ... on level 3 of the Dungeon.
             The game lasted 00:04:12 (2513 turns).

SnakkuSnakku7 the Skirmisher (Merfolk Necromancer)  Turns: 2513, Time: 00:04:13

Health: -2/46      AC:  3    Str: 10    XL:     5   Next: 79%
Magic:  8/8        EV: 12    Int: 14    God:
Gold:   14         SH:  4    Dex: 14    Spells: 7/8 levels left

rFire    . . .     SeeInvis .   e - +2 short sword (vamp)
rCold    + . .     Faith    .   (no shield)
rNeg     . . .     Spirit   .   a - +0 robe
rPois    .         Reflect  .   l - +0 helmet
rElec    .         Harm     .   (no cloak)
rCorr    .         Rampage  .   (no gloves)
Will     .....                  (no boots)
Stlth    ++........             (no amulet)
HPRegen  0.15/turn              b - ring of protection from cold
MPRegen  0.11/turn              (no ring)

@: lethally poisoned (-2 -> -14)
A: (nimble swimmer 2), mertail, large bone plates 1
a: no special abilities


You were on level 3 of the Dungeon.
You visited 1 branch of the dungeon, and saw 3 of its levels.

You collected 72 gold pieces.
You spent 58 gold pieces at shops.

Inventory:

Hand Weapons
 d - a +2 dagger of speed
 e - a +2 vampiric short sword (weapon)
Armour
 a - a +0 robe (worn)
 l - a +0 helmet (worn)
Jewellery
 b - a ring of protection from cold (left hand)
 f - an amulet of faith
Scrolls
 c - 4 scrolls of identify {unknown}
 g - a scroll of fog {unknown}
 h - a scroll of amnesia {unknown}
 i - a scroll of enchant weapon {unknown}
 j - a scroll of magic mapping {unknown}
 k - a scroll of brand weapon {unknown}
 m - a scroll of fear {unknown}


   Skills:
 + Level 5.9 Fighting
 - Level 2.6 Dodging
 - Level 2.1 Stealth
 - Level 2.0 Spellcasting
 - Level 3.2 Necromancy


You had 7 spell levels left.
You knew the following spells:

 Your Spells              Type           Power      Damage    Failure   Level
a - Pain                  Necr           40%        1d6       6%          1

Your spell library contained the following spells:

 Spells                   Type           Power      Damage    Failure   Level
 Animate Skeleton         Necr           20%        N/A       6%          1
 Vampiric Draining        Necr           5%         2d6       19%         3
 Animate Dead             Necr           5%         N/A       52%         4
 Agony                    Necr           10%        N/A       86%         5


Dungeon Overview and Level Annotations

Branches:
Dungeon (3/15)

Altars:

Shops:
D:1 [   D:2 *


Innate Abilities, Weirdness & Mutations

((You are quick and stealthy near water. (Stealth+, EV+, Speed+++)))
Your lower body shifts to a powerful aquatic tail in water.
You are partially covered in large bone plates. (SH +4)


Message History

The scorpion is lightly wounded.
The scorpion stings you.
You are poisoned.
The scorpion poisons you!
You closely miss the scorpion.
The scorpion is lightly wounded.
You feel sick. The scorpion barely misses you.
You are too injured to fight recklessly!
You are too injured to fight recklessly!
You are too injured to fight recklessly!
You are too injured to fight recklessly!
You feel sick.
You feel sick. The scorpion closely misses you.
You feel sick.
You feel sick.
You feel sick.
You barely miss the scorpion.
You feel sick.
You are no longer poisoned.
The scorpion stings you but does no damage.
The scorpion stings you.
You hit the scorpion.
The scorpion is lightly wounded.
The scorpion stings you.
* * * LOW HITPOINT WARNING * * *
You hit the scorpion.
You feel better.
The scorpion is lightly wounded.
The scorpion stings you.
* * * LOW HITPOINT WARNING * * *
Okay, then.
Okay, then.
You aren't carrying any items that you can evoke.
Unknown command.
It was a potion of mutation.
You feel extremely strange.
Large bone plates grow over parts of your arms.
The scorpion stings you!
* * * LOW HITPOINT WARNING * * *
You are lethally poisoned!
The scorpion poisons you!
It was a potion of magic.
Magic courses through your body.
You die...

#..####..#### #..# #..# #
#..# #..# #. #. #..# #<.#
#. #.##..####..# #.
...........# ##.#
#.....###.### ##.<.##
##...........
##.....####@.....###.##
.#.........s##[.).....# #.
.............###)#.#### #.
...#...###..#.#.#...####
##
##.##..........#..†.######
## #.#..#.###...##.##....
#.#..#.# ##.###.##....
#.#..#.# #.# #.......
#[#..#.# #.# ##.#....


You could see a scorpion.

Vanquished Creatures
  A centaur (D:3)
  4 adders
  3 dart slugs
  2 orcs (D:3)
  7 endoplasms
  6 goblins
  4 hobgoblins
  13 jackals
  4 kobolds
  3 quokkas
  8 ball pythons
  2 bats
  5 frilled lizards
  8 rats
70 creatures vanquished.

Vanquished Creatures (others)
  A plant (D:1)
1 creature vanquished.

Grand Total: 71 creatures vanquished

Notes
Turn   | Place    | Note
-------+----------+-------------------------------------------
     0 | D:1      | SnakkuSnakku7 the Merfolk Necromancer began the quest for
                  | the Orb.
     0 | D:1      | Reached XP level 1. HP: 13/13 MP: 3/3
   405 | D:1      | Reached skill level 1 in Fighting
   695 | D:1      | Reached XP level 2. HP: 21/22 MP: 5/5
   748 | D:1      | Reached skill level 2 in Fighting
  1008 | D:1      | Found Qempilom's Armour Boutique.
  1039 | D:1      | Reached XP level 3. HP: 26/28 MP: 6/6
  1141 | D:1      | Reached skill level 3 in Fighting
  1158 | D:1      | Found a faded altar of an unknown god.
  1537 | D:2      | Found Gofrinto's Assorted Antiques.
  1622 | D:2      | Reached skill level 4 in Fighting
  1622 | D:2      | Reached XP level 4. HP: 33/37 MP: 7/7
  2001 | D:1      | Bought a +0 helmet for 58 gold pieces
  2123 | D:3      | Noticed a centaur
  2148 | D:3      | Killed a centaur
  2149 | D:3      | Reached skill level 5 in Fighting
  2149 | D:3      | Reached XP level 5. HP: 16/44 MP: 8/8
  2512 | D:3      | Gained mutation: You are partially covered in large bone
                  | plates. (SH +4) [potion of mutation]
  2512 | D:3      | HP: 1/46 [scorpion (9)]
  2513 | D:3      | Succumbed to a scorpion's poison

Illustrated notes

Levels and vault maps discovered:
D:1:      psy_arrival_wood_between_worlds, layout_basic,
          ebering_ecumenical_altar_sacrificial, serial_shops,
          nicolae_shop_statue_plus
D:2:      layout_rooms, serial_shops, shop_fountains, chequers_big_river
D:3:      layout_loops_ring

Skill      XL: |  1  2  3  4 |
---------------+-------------+-----
Fighting       | 1 2 4 5 |  5.9
Dodging        | |  2.6
Stealth        | |  2.1
Spellcasting   | |  2.0
Necromancy     | |  3.2

Action                   |  1- 3 |  4- 6 || total
-------------------------+-------+-------++-------
Melee: Dagger            |    17 |       ||    17
       Short sword       |   100 |   118 ||   218
       Tailslap          |     3 |       ||     3
       Unarmed           |       |     3 ||     3
 Cast: Pain              |     4 |       ||     4
  Use: Potion            |       |     3 ||     3
 Stab: Sleeping          |     5 |     3 ||     8
Armor: Robe              |    17 |    43 ||    60
       Skin              |       |    10 ||    10
Dodge: Dodged            |    67 |   110 ||   177
